 Dungeon Crawl Stone Soup version 0.26-a0-850-g97a50ab700 (webtiles) character file.

Game seed: 9684211980119794021

1576985 hyperborean the Barachian Barricade (level 27, 145/244 HPs)
             Began as a Barachi Berserker on Nov 18, 2020.
             Was a High Priest of Trog.
             Escaped with the Orb
             ... and 3 runes on Nov 21, 2020!
             The game lasted 03:39:51 (79999 turns).

hyperborean the Barachian Barricade (BaBe)         Turns: 79999, Time: 03:39:52

Health: 145/244    AC: 47    Str: 34      XL:     27
Magic:  23/23      EV: 21    Int:  4      God:    Trog [*****.]
Gold:   3647       SH: 44    Dex: 16 (18) Spells: 26/26 levels left

rFire    + + .     SeeInvis .   a - +9 demon blade (freeze)
rCold    + . .     Faith    .   c - +10 tower shield of Ignorance {rN+ Int-4}
rNeg     + . .     Spirit   .   H - +9 gold dragon scales
rPois    +         Reflect  +   J - +2 hood of the Assassin {Detection Stab+ Stlth++}
rElec    .         Harm     .   q - +2 cloak {MR+}
rCorr    .         Rampage  .   d - +0 pair of fencer's gloves {Riposte Dex+3}
MR       ++++.     Clarity  +   l - +2 pair of boots {run}
Stlth    ..........             G - amulet of reflection
HPRegen  0.50/turn              M - ring of protection from fire
MPRegen  0.18/turn              N - +6 ring of strength

@: can't hop
A: +LOS, swims, horns 1, clarity, magic resistance 1, slowness 1, evolution 1,
MP-powered wands, strong legs 2
0: Orb of Zot
}: 3/15 runes: serpentine, barnacled, silver
a: Hop, Berserk, Trog's Hand, Brothers in Arms, Renounce Religion


You escaped.
You worshipped Trog.
Trog was extremely pleased with you.
You visited 8 branches of the dungeon, and saw 46 of its levels.
You visited 1 bazaar.
You also visited: Trove, Bailey, Gauntlet, Ice Cave, Volcano and Wizlab.

You collected 8931 gold pieces.
You spent 5284 gold pieces at shops.

Inventory:

Hand Weapons
 a - a +9 demon blade of freezing (weapon)
 V - the +8 rapier of the Bear {vorpal, rPois MP-9 SInv Stlth+}
   (You found it on level 6 of the Lair of Beasts)

   It inflicts extra damage upon your enemies.
   It protects you from poison.
   It affects your magic capacity (-9).
   It lets you see invisible.
   It makes you more stealthy.
Armour
 c - the +10 tower shield of Ignorance (worn) {rN+ Int-4}
   (You found it on level 10 of the Dungeon)

   It affects your intelligence (-4).
   It protects you from negative energy.
 d - the +0 pair of fencer's gloves (worn) {Riposte Dex+3}
   (You acquired it on level 4 of the Vaults)

   It affects your dexterity (+3).
 h - a +1 kite shield of reflection
 l - a +2 pair of boots of running (worn)
 q - a +2 cloak of magic resistance (worn)
 y - the +2 pair of gloves "Erama" {rElec MP+9 Slay+2}
   (You took it off Nikola on level 4 of the Snake Pit)

   It affects your accuracy and damage with ranged weapons and melee attacks
   (+2).
   It insulates you from electricity.
   It affects your magic capacity (+9).
 H - +9 gold dragon scales (worn)
 J - the +2 hood of the Assassin (worn) {Detection Stab+ Stlth++}
   (You found it in an ice cave)

   It makes you much more stealthy.
Jewellery
 j - the ring "Rotzanee" {+Inv rElec rCorr Str+2 SInv}
   (You found it in a wizard's laboratory)

   [ring of resist corrosion]

   It affects your strength (+2).
   It insulates you from electricity.
   It lets you see invisible.
   It lets you turn invisible.
   It provides partial protection from all sources of acid and corrosion.
 m - an uncursed ring of positive energy
 C - an uncursed ring of positive energy
 G - an amulet of reflection (around neck)
 I - the ring "Estramywy" {rC+ Int+6}
   (You found it on level 5 of the Lair of Beasts)

   [ring of intelligence]

   It affects your intelligence (+6).
   It protects you from cold.
 M - a ring of protection from fire (left hand)
 N - a +6 ring of strength (right hand)
 Z - an uncursed ring of protection from magic
Wands
 u - a wand of acid (22)
 w - a wand of disintegration (17)
 A - a wand of enslavement (6)
 P - a wand of iceblast (68)
 R - a wand of digging (19)
 X - a wand of paralysis (15)
Scrolls
 g - 3 scrolls of magic mapping
 i - 7 scrolls of fog
 k - 31 scrolls of remove curse
 x - 2 scrolls of blinking
 F - 26 scrolls of identify
 K - 3 scrolls of silence
 Q - 6 scrolls of summoning
 T - a scroll of vulnerability
 U - 9 scrolls of fear
 Y - 19 scrolls of teleportation
Potions
 b - 3 potions of ambrosia
 f - 17 potions of curing
 n - 5 potions of magic
 o - 3 potions of haste
 p - 9 potions of might
 r - 10 potions of flight
 s - 3 potions of resistance
 z - 6 potions of heal wounds
 L - 17 potions of mutation
 S - 4 potions of invisibility
 W - 4 potions of berserk rage
Miscellaneous
 B - a condenser vane
 E - a lightning rod (4/4)
 O - a phial of floods


   Skills:
 + Level 25.9 Fighting
 - Level 0.2(8.5) Short Blades
 - Level 13.9(14.0) Long Blades
 + Level 25.8 Armour
 + Level 21.5 Dodging
 - Level 4.0 Stealth
 O Level 27 Shields
 - Level 16.5 Evocations


You had 26 spell levels left.
You didn't know any spells.
Your spell library contained the following spells:

 Spells                   Type           Power        Failure   Level
 Animate Skeleton         Necr           #.....       95%         1
 Beastly Appendage        Tmut           #.....       95%         1
 Pain                     Necr           #...         95%         1
 Sting                    Tmut/Pois      #...         95%         1
 Passwall                 Tmut/Erth      #.......     99%         2
 Wereblood                Tmut           #.......     99%         2
 Ignite Poison            Fire/Tmut/Pois #.......     100%        3
 Vampiric Draining        Necr           #.........   100%        3
 Animate Dead             Necr           #.........   100%        4
 Dispel Undead            Necr           #.......     100%        4
 Ice Form                 Ice/Tmut       #.......     100%        4
 Leda's Liquefaction      Hex/Erth       #.........   100%        4
 Petrify                  Tmut/Erth      #.......     100%        4
 Agony                    Necr           #.......     100%        5
 Blade Hands              Tmut           #.........   100%        5
 Bolt of Magma            Conj/Fire/Erth #.........   100%        5
 Borgnjor's Vile Clutch   Necr/Erth      #.........   100%        5
 Irradiate                Conj/Tmut      #.........   100%        5
 Iskenderun's Battlesphe  Conj           #.......     100%        5
 Iron Shot                Conj/Erth      #.........   100%        6
 Simulacrum               Ice/Necr       #.........   100%        6
 Statue Form              Tmut/Erth      #........    100%        6
 Dragon Form              Tmut           #.........   100%        7
 Orb of Destruction       Conj           #.........   100%        7
 Spellforged Servitor     Conj/Summ      #.........   100%        7
 Shatter                  Erth           #.........   100%        9


Dungeon Overview and Level Annotations

Branches:
Dungeon (15/15)            Temple (0/1) D:7            Lair (6/6) D:10
 Shoals (4/4) Lair:3        Snake (4/4) Lair:3        Slime (0/5) Lair:6
    Orc (2/2) D:12            Elf (0/3) Orc:2        Vaults (5/5) D:14
  Crypt (0/3) Vaults:3     Depths (5/5) D:15            Zot (5/5) Depths:5
 Bailey (visited)           IceCv (visited)         Volcano (visited)
 WizLab (visited)         Gauntlet (visited)

Altars:
Ashenzari
Dithmenos
Fedhas
Gozag
Kikubaaqudgha
Nemelex Xobeh
Qazlal
Sif Muna
The Shining One
Beogh
Jiyva

Shops:
D:7 !   D:9 (   Orc:1 !   Orc:2 =*[}(   Snake:1 ?   Snake:2 =}}   Snake:3 ([
Vaults:1 *   Vaults:2 }?   Vaults:3 *(*   Vaults:4 ?[   Depths:4 (   Depths:5 (

Portals:
Hell: Depths:1 Depths:2 Depths:3 Depths:4 Depths:5
Abyss: Depths:2 Depths:4 Depths:5
Pandemonium: Depths:3 Depths:4
Ziggurat: Depths:1

Annotations:
D:6 1 runed translucent door, selver's ghost, novice DrVM
D:10 1 runed translucent door, exclusion: 3 orange crystal statues
Lair:6 3 runed translucent doors, marklar909's ghost, journeyman HaHu
Depths:1 1 runed translucent door
Zot:5 exclusion: obsidian statue


Innate Abilities, Weirdness & Mutations

You can be seen from farther away. (+LOS)
You can swim through water.
You cover ground slowly.
You can hop long distances.
You have a pair of small horns on your head.
You possess an exceptional clarity of mind.
You are resistant to hostile enchantments. (MR+)
You evolve.
You expend magic power (3 MP) to strengthen your wands.


Message History

Unknown command.
Unknown command.
Unknown command.
You climb upwards.
There is a stone staircase leading down here.
Unknown command.
You see here a +0 club.
A Tzitzimitl comes into view.
A Tzitzimitl is nearby!
A Tzitzimitl is nearby!
Okay, then.
The Tzitzimitl calls on the powers of darkness!
Your body is wracked with pain!
Press: ? - help, Dir - move target cursor Boing!
Unknown command.
You open the door.
There is an open door here.
There is a staircase leading out of the dungeon here.
You have escaped!

###.####### #.######.##.####
#......###########.######........
#.#.##.##^.............##.##.##..
#.#....##..............##.##.##.#
#.##...##..####'#####..##.##.....
#.##.####..'........#..##.####...
#.##.####..#........#.....# #...
#....).##..#........#..##.## #...
##.#.#.##..#....@...#..##..# #...
#.#.#.##..#........#..##..###...
#...#.....#........#..##........
#..##.##..#........'..##........
#..##.##..#####+####..##........
#.....##..............##..###...
###.#####..............##..# #...
#...# #####.############## #...
#.###### #.######### #...


There were no monsters in sight!

Vanquished Creatures
  6 orbs of fire (Zot:5)
  4 ancient liches
  A juggernaut (Zot:5)
  2 Killer Klowns
  A pandemonium lord (Zot:2)
  3 curse toes (Zot:5)
  A profane servitor (D:6)
  5 golden dragons
  Nikola (Snake:4)
  A bone dragon (Depths:4)
  5 electric golems
  A mutant beast (WizLab)
  A Tzitzimitl (Zot:1)
  A Brimstone Fiend (Zot:4)
  15 tentacled monstrosities
  6 liches
  An Ice Fiend (IceCv)
  5 quicksilver dragons
  25 Orb Guardians (Zot:5)
  6 titans
  5 sphinxes
  A kraken (Shoals:4)
  Polyphemus (Shoals:4)
  3 death cobs
  12 storm dragons
  9 shadow dragons
  9 nagarajas
  8 tengu reavers (Vaults:5)
  15 frost giants
  10 draconian monks
  17 fire giants
  4 draconian knights
  An orc warlord (Vaults:4)
  15 vault wardens
  An emperor scorpion (Zot:5)
  A deep elf sorcerer (Vaults:5)
  5 draconian scorchers
  3 iron dragons
  6 draconian shifters
  A deep elf elementalist (Depths:5)
  Louise (Depths:4)
  A cacodemon (D:9)
  4 ghost moths
  9 very ugly things
  Aizul (Snake:1)
  29 stone giants
  A balrug (Depths:1)
  18 ironheart preservers
  2 draconian stormcallers
  4 draconian annihilators
  3 war gargoyles (Vaults:5)
  An entropy weaver (Vaults:4)
  9 green draconians
  A vampire knight (Vaults:3)
  2 deep elf demonologists
  2 black draconians
  7 purple draconians
  6 white draconians
  2 spark wasps (Depths:3)
  5 yellow draconians
  A minotaur (Gauntlet)
  A deep elf annihilator (Vaults:5)
  7 red draconians
  A green death (Depths:3)
  18 ettins
  An eidolon (Vaults:3)
  5 merfolk javelineers
  15 fire dragons
  2 merfolk impalers (Shoals:4)
  A jiangshi (Vaults:3)
  2 deep elf high priests
  4 naga warriors
  8 hydras
  8 boulder beetles
  15 ogre magi
  11 yaktaur captains
  4 rakshasas
  7 great orbs of eyes
  8 ice dragons
  A caustic shrike simulacrum (Depths:2)
  4 spriggan air magi
  A monstrous demonspawn (Depths:3)
  30 vault guards
  2 merfolk aquamancers
  4 merfolk avatars
  3 catoblepae
  21 anacondas
  An alligator snapping turtle (Shoals:4)
  3 satyrs (Shoals:3)
  9 centaur warriors
  42 two-headed ogres
  4 tengu warriors
  Erica (Lair:1)
  A death knight (Vaults:4)
  10 death yaks
  9 deep troll shamans
  An alligator (Lair:6)
  6 deep troll earth magi
  2 vampire magi
  6 naga sharpshooters
  5 shock serpents
  2 orc high priests
  A spriggan (Depths:4)
  3 sun demons
  2 spriggan berserkers
  Nergalle (Orc:2)
  An iron golem (WizLab)
  5 deep elf knights
  A shadow wraith (Vaults:4)
  8 skeletal warriors
  3 salamander mystics (Snake:3)
  A titan skeleton (Depths:2)
  2 fire crabs
  13 hell knights
  4 iron trolls
  2 flayed ghosts
  5 unseen horrors
  9 wizards
  52 deep trolls
  A glowing orange brain (Vaults:3)
  A tengu zombie (Vaults:4)
  11 naga ritualists
  A swamp dragon (shapeshifter) (WizLab)
  8 sea snakes
  14 ironbrand convokers
  An orange crystal statue (D:10)
  3 phantasmal warriors
  A deep elf archer (Vaults:2)
  A lindwurm (shapeshifter) (WizLab)
  A lindwurm (Volcano)
  15 orc knights
  36 harpies
  5 necromancers
  A stone giant zombie (Vaults:3)
  6 deep elf magi
  2 fire giant zombies
  A shadow dragon skeleton (Depths:2)
  12 mana vipers
  6 orc sorcerers
  37 ugly things
  An oklob plant (Lair:6)
  6 salamanders
  A frost giant zombie (Vaults:4)
  6 cyclopes
  16 manticores
  2 salamanders (shapeshifter)
  5 wolf spiders
  22 moths of wrath
  7 large abominations (WizLab)
  7 merfolk sirens
  27 black mambas
  8 fauns
  An ice statue (IceCv)
  A guardian serpent (shapeshifter) (WizLab)
  10 elephants
  Joseph (D:8)
  18 vault sentinels
  13 guardian serpents
  A water nymph (shapeshifter) (WizLab)
  20 naga magi
  4 water nymphs
  15 cane toads
  3 molten gargoyles
  3 orange demons (D:9)
  2 cane toads (shapeshifter)
  2 minotaur zombies (Gauntlet)
  4 rime drakes
  4 kobold demonologists (D:13)
  2 yaktaurs (shapeshifter) (WizLab)
  2 efreet
  3 anaconda simulacra (IceCv)
  A hellwing (Depths:3)
  12 komodo dragons
  3 komodo dragons (shapeshifter)
  A spark wasp simulacrum (Depths:2)
  67 yaktaurs
  A human skeleton (Vaults:3)
  15 freezing wraiths
  A harpy zombie (D:14)
  4 ice devils (IceCv)
  4 tengu conjurers
  3 meliai (Gauntlet)
  A jumping spider (shapeshifter) (Vaults:4)
  2 polar bears (shapeshifter)
  A wolf spider simulacrum (IceCv)
  A queen bee (shapeshifter) (WizLab)
  10 wind drakes
  21 merfolk
  A tengu simulacrum (Vaults:3)
  16 trolls
  A wind drake (shapeshifter) (WizLab)
  2 polar bears
  A meliai (shapeshifter) (Vaults:3)
  4 hornets
  31 slime creatures
  19 blink frogs
  Prince Ribbit (D:6)
  4 dream sheep (Shoals:2)
  3 blink frogs (shapeshifter) (WizLab)
  A dream sheep (shapeshifter) (WizLab)
  A harpy skeleton (D:15)
  9 snapping turtles
  A redback (shapeshifter) (Vaults:5)
  2 tarantellas (shapeshifter)
  3 dire elephant simulacra (IceCv)
  2 shadows
  A ynoxinul (Depths:3)
  11 redbacks
  A spriggan (shapeshifter) (WizLab)
  16 humans (D:14)
  A yak (shapeshifter) (Depths:2)
  83 yaks
  13 water elementals
  5 wraiths
  A golden eye (shapeshifter) (WizLab)
  A hog (shapeshifter) (WizLab)
  2 humans (shapeshifter) (WizLab)
  3 fire bats
  2 steam dragons (Volcano)
  A fire elemental (Lair:5)
  A basilisk (shapeshifter) (Vaults:1)
  6 wyverns
  A neqoxec (Depths:3)
  2 vampire mosquitoes (D:15)
  3 harpy simulacra (IceCv)
  44 nagas
  10 wargs
  A water moccasin (shapeshifter) (Vaults:5)
  2 hell hounds (Volcano)
  17 water moccasins
  Duvessa (D:6)
  4 hydra simulacra (IceCv)
  An acid dragon (D:12)
  6 floating eyes
  55 orc warriors
  A sky beast (D:7)
  3 ice beasts
  4 black bears
  2 eyes of draining
  An ice beast (shapeshifter) (WizLab)
  2 ettin simulacra (IceCv)
  2 black bears (shapeshifter) (WizLab)
  An eye of draining (shapeshifter) (WizLab)
  4 necrophages
  4 phantoms
  An elf zombie (Vaults:3)
  32 ogres
  21 centaurs
  5 wolves (Lair:3)
  4 big kobolds
  12 bullfrogs
  A wyvern zombie (D:8)
  Dowan (D:6)
  5 scorpions
  15 wights
  27 killer bees
  6 small abominations (WizLab)
  3 howler monkeys
  2 electric eels (Lair:3)
  6 lava snakes
  5 jellies
  3 quasits
  2 bullfrog zombies
  3 centaur zombies
  6 draconian simulacra (IceCv)
  8 centaur skeletons
  29 orc priests
  3 hounds
  A bullfrog skeleton (D:10)
  8 iguanas
  25 orc wizards
  Natasha (thrice) (D:3 D:2)
  7 worker ants
  2 troll simulacra (IceCv)
  A wolf simulacrum (IceCv)
  2 centaur simulacra (IceCv)
  A hound skeleton (D:5)
  A worker ant zombie (D:9)
  5 gnolls
  A howler monkey skeleton (D:7)
  2 naga simulacra (IceCv)
  An ogre simulacrum (IceCv)
  11 adders
  A shadow imp (D:9)
  6 white imps
  8 ufetubi
  An ooze (shapeshifter) (Vaults:3)
  An adder skeleton (D:8)
  A worm (D:4)
  2 dart slugs (D:2)
  2 leopard geckos
  137 orcs
  A ball python (D:2)
  6 giant cockroaches
  15 goblins
  7 hobgoblins
  20 jackals
  41 kobolds
  5 quokkas
  A ball python skeleton (D:4)
  3 bats
  6 frilled lizards
  A jackal skeleton (D:8)
  2 jackal zombies
  A leopard gecko skeleton (D:6)
  2 rats (D:2)
  A bush (Lair:6)
  4 tentacles (Shoals:4)
2222 creatures vanquished.

Vanquished Creatures (collateral kills)
  Bai Suzhen (Vaults:3)
  Margery (Vaults:2)
  Saint Roka (Orc:2)
  An iron giant (shapeshifter) (Vaults:5)
  Asterion (Snake:1)
  A shadow dragon (Vaults:5)
  Donald (Snake:2)
  A nagaraja (Snake:3)
  A vault warden (Vaults:5)
  A deep elf demonologist (Vaults:5)
  Snorg (Lair:4)
  A deep elf death mage (Vaults:5)
  A naga warrior (Snake:3)
  A boulder beetle (Lair:4)
  A dancing weapon (Vaults:5)
  A mana viper (Snake:1)
  A phantasmal warrior (Vaults:5)
  A necromancer (D:14)
  2 black mambas
  A salamander (Snake:1)
  A guardian serpent (Snake:3)
  A naga mage (Snake:3)
  A polar bear (Lair:4)
  2 yaks (Lair:4)
  2 humans (D:14)
  2 nagas
  An orc warrior (Orc:2)
31 creatures vanquished.

Vanquished Creatures (others)
  An ancient lich (Zot:5)
  A golden dragon (Zot:1)
  A draconian knight (Depths:5)
  A draconian scorcher (Zot:5)
  A black draconian (Zot:2)
  2 red draconians (Zot:5)
  A water elemental (Shoals:3)
  An ogre (Zot:2)
  A white imp (IceCv)
  5 ufetubi (IceCv)
  2 orcs
  6 bushes (Lair:6)
  45 fungi
  101 plants
  11 tentacles (Shoals:4)
180 creatures vanquished.

Grand Total: 2433 creatures vanquished

Notes
Turn   | Place    | Note
-------+----------+-------------------------------------------
     0 | D:1      | hyperborean the Barachi Berserker began the quest for the
                  | Orb.
     0 | D:1      | Reached XP level 1. HP: 18/18 MP: 1/1
   162 | D:1      | Reached skill level 1 in Stealth
   318 | D:1      | Reached XP level 2. HP: 21/24 MP: 2/2
   813 | D:2      | Reached XP level 3. HP: 29/29 MP: 3/3
   817 | D:2      | Reached ** piety under Trog
  1309 | D:2      | Reached XP level 4. HP: 24/36 MP: 4/4
  2213 | D:3      | Noticed Natasha
  2236 | D:3      | Killed Natasha
  2237 | D:3      | Reached XP level 5. HP: 20/43 MP: 5/5
  2471 | D:3      | Noticed Natasha
  2576 | D:3      | Reached skill level 5 in Fighting
  2643 | D:2      | Killed Natasha
  2684 | D:2      | Noticed Natasha
  2700 | D:2      | Killed Natasha
  2700 | D:2      | Reached *** piety under Trog
  2971 | D:3      | Reached XP level 6. HP: 32/52 MP: 6/6
  4298 | D:5      | Entered Level 5 of the Dungeon
  4358 | D:5      | Reached XP level 7. HP: 61/61 MP: 7/7
  5593 | D:5      | Reached XP level 8. HP: 72/72 MP: 8/8
  5715 | D:5      | Reached skill level 10 in Fighting
  6222 | D:6      | Found a runed translucent door.
  6226 | D:6      | Noticed selver's ghost (novice DrVM)
  6660 | D:6      | Noticed Duvessa
  6662 | D:6      | Noticed Dowan
  6863 | D:6      | Noticed Prince Ribbit
  6943 | D:6      | Killed Duvessa
  7008 | D:6      | Killed Dowan
  7454 | D:6      | Reached XP level 9. HP: 69/83 MP: 9/9
  7658 | D:6      | Killed Prince Ribbit
  7942 | D:6      | Found a blossoming altar of Fedhas.
  8229 | D:7      | Found a glowing golden altar of the Shining One.
  8609 | D:7      | Found a shimmering blue altar of Sif Muna.
  8624 | D:7      | Reached **** piety under Trog
  9105 | D:7      | Found a staircase to the Ecumenical Temple.
 10322 | D:7      | Reached skill level 5 in Long Blades
 10399 | D:7      | Found Umasuocs's Distillery.
 10404 | D:7      | Bought a potion of heal wounds for 60 gold pieces
 10650 | D:8      | Got a translucent long sword
 10656 | D:8      | Identified the +8 long sword of Gopiuzei {elec, rN+++ MR-
                  | Dex-5 SInv} (You found it on level 8 of the Dungeon)
 10773 | D:8      | Reached XP level 10. HP: 89/94 MP: 10/10
 11221 | D:8      | Noticed Joseph
 11232 | D:8      | Killed Joseph
 12145 | D:9      | Reached ***** piety under Trog
 12252 | D:9      | Reached skill level 10 in Long Blades
 12888 | D:9      | Found Fourux's Antique Weapon Shoppe.
 13088 | D:9      | Reached XP level 11. HP: 70/100 MP: 11/11
 13378 | D:9      | Found a broken altar of Ashenzari.
 13383 | D:9      | Found a sparkling altar of Nemelex Xobeh.
 13384 | D:9      | Found an ancient bone altar of Kikubaaqudgha.
 13465 | D:10     | Entered Level 10 of the Dungeon
 13523 | D:10     | Identified a scroll of acquirement
 13525 | D:10     | Acquired a +1 kite shield of reflection
 13584 | D:10     | Reached skill level 1 in Shields
 13589 | D:10     | Reached skill level 2 in Shields
 13735 | D:10     | Reached skill level 3 in Shields
 13812 | D:10     | Found a staircase to the Lair.
 13834 | D:10     | Reached skill level 4 in Shields
 14057 | D:10     | Found the +10 tower shield of Ignorance {rN+ Int-4}
 14062 | D:10     | Found a runed translucent door.
 14226 | D:10     | Noticed an orange crystal statue
 14227 | D:10     | Noticed an orange crystal statue
 14232 | D:10     | Found a runed translucent door.
 14242 | D:10     | Noticed an orange crystal statue
 14242 | D:10     | Noticed an orange crystal statue
 14409 | D:11     | Received a gift from Trog
 14449 | D:11     | Reached skill level 5 in Shields
 14535 | D:11     | Found a flagged portal.
 14592 | Bailey   | Entered a bailey
 15226 | D:11     | Noticed a green ugly thing
 15229 | D:11     | Noticed a centaur warrior
 15249 | D:11     | Killed a green ugly thing
 15250 | D:11     | Reached skill level 6 in Shields
 15334 | D:11     | Killed a centaur warrior
 15335 | D:11     | Reached skill level 7 in Shields
 15771 | D:12     | Reached skill level 8 in Shields
 15801 | D:12     | Reached XP level 12. HP: 107/107 MP: 12/12
 16086 | D:12     | Reached skill level 9 in Shields
 16110 | D:12     | Found a staircase to the Orcish Mines.
 16836 | Lair:1   | Entered Level 1 of the Lair of Beasts
 16895 | Lair:1   | Reached skill level 1 in Evocations
 16897 | Lair:1   | Reached skill level 10 in Shields
 17484 | Lair:1   | Noticed Erica
 17495 | Lair:1   | Killed Erica
 17495 | Lair:1   | Received a gift from Trog
 18716 | Lair:3   | Reached skill level 11 in Shields
 18740 | Lair:3   | Found a staircase to the Shoals.
 18768 | Lair:3   | Reached skill level 5 in Evocations
 18997 | Lair:3   | Found a staircase to the Snake Pit.
 19300 | Lair:3   | Noticed a seven-headed hydra
 19349 | Lair:3   | Killed a three-headed hydra
 19448 | Lair:3   | Gained mutation: You can hop long distances. [Barachi
                  | growth]
 19448 | Lair:3   | Reached XP level 13. HP: 108/113 MP: 13/13
 19478 | Lair:3   | Reached skill level 12 in Shields
 20169 | Lair:4   | Found a gate leading to a gauntlet.
 20169 | Lair:4   | Noticed Snorg
 20188 | Lair:4   | Killed Snorg
 20206 | Gauntlet | Entered a Gauntlet
 20206 | Gauntlet | Found a transporter.
 20302 | Gauntlet | Found a transporter.
 20303 | Gauntlet | Found a transporter.
 20304 | Gauntlet | Found a transporter.
 20311 | Gauntlet | Found a transporter.
 20313 | Gauntlet | Found a transporter.
 20314 | Gauntlet | Found a transporter.
 20317 | Gauntlet | Identified the +6 shortbow of Fate {freeze, rElec rF- Dex+6
                  | Stlth+}
 20326 | Gauntlet | Found a transporter.
 20327 | Gauntlet | Found a transporter.
 20328 | Gauntlet | Found a transporter.
 20339 | Gauntlet | Found a transporter.
 20343 | Gauntlet | Found a transporter.
 20343 | Gauntlet | Found a transporter.
 20351 | Gauntlet | Found a transporter.
 20457 | Gauntlet | Got a bloodstained battleaxe
 20636 | Gauntlet | Reached skill level 13 in Shields
 20731 | Gauntlet | Noticed a minotaur
 20742 | Gauntlet | Killed a minotaur
 22067 | Lair:5   | Reached skill level 10 in Evocations
 22163 | Lair:5   | Reached skill level 5 in Armour
 22400 | Lair:5   | Reached XP level 14. HP: 118/120 MP: 14/14
 22652 | Lair:5   | Got a flickering brass ring
 22707 | Lair:5   | Identified the ring "Estramywy" {rC+ Int+6} (You found it
                  | on level 5 of the Lair of Beasts)
 22721 | Lair:5   | Reached skill level 14 in Shields
 22837 | Lair:6   | Entered Level 6 of the Lair of Beasts
 22864 | Lair:6   | Found a viscous altar of Jiyva.
 22864 | Lair:6   | Found a staircase to the Slime Pits.
 23069 | Lair:6   | Received a gift from Trog
 23915 | Lair:6   | Reached skill level 15 in Shields
 24221 | Lair:6   | Reached skill level 10 in Armour
 24298 | Lair:6   | Found a runed translucent gate.
 24847 | Lair:6   | Got a fine rapier
 24848 | Lair:6   | Identified the +8 rapier of the Bear {vorpal, rPois MP-9
                  | SInv Stlth+} (You found it on level 6 of the Lair of
                  | Beasts)
 25114 | Lair:6   | Found a runed translucent gate.
 25115 | Lair:6   | Found a runed translucent gate.
 25117 | Lair:6   | Noticed marklar909's ghost (journeyman HaHu)
 25138 | Lair:6   | Reached XP level 15. HP: 126/126 MP: 15/15
 25357 | Lair:6   | Upgraded the game from 0.26-a0-835-g8259106e14 to
                  | 0.26-a0-844-g3dd439832f
 25545 | Orc:1    | Entered Level 1 of the Orcish Mines
 25654 | Orc:2    | Entered Level 2 of the Orcish Mines
 25930 | Orc:2    | Found a staircase to the Elven Halls.
 25994 | Orc:2    | Found a dark tunnel.
 26006 | Volcano  | Entered a volcano
 26102 | Volcano  | Found a burning altar of Makhleb.
 26231 | Volcano  | Received a gift from Trog
 26232 | Volcano  | Reached skill level 16 in Shields
 26416 | Orc:2    | Found a roughly hewn altar of Beogh.
 26493 | Orc:2    | Found Buanaed's Assorted Antiques.
 26499 | Orc:2    | Found a roughly hewn altar of Beogh.
 26535 | Orc:2    | Bought a tapered fluorescent wand for 132 gold pieces
 26535 | Orc:2    | Bought 2 puce potions for 59 gold pieces
 26560 | Orc:2    | Found a roughly hewn altar of Beogh.
 26560 | Orc:2    | Found Woyhorph's Jewellery Emporium.
 26739 | Orc:2    | Found a roughly hewn altar of Beogh.
 26754 | Orc:2    | Found Coeps's Gadget Boutique.
 26932 | Orc:2    | Found a roughly hewn altar of Beogh.
 27079 | Orc:2    | Noticed Saint Roka
 27087 | Orc:1    | Noticed Nergalle
 27271 | Orc:1    | Found Razag's Distillery.
 27967 | Orc:2    | Killed Nergalle
 28331 | Orc:1    | Received a gift from Trog
 28606 | Orc:1    | Bought a potion of heal wounds for 70 gold pieces
 28606 | Orc:1    | Bought a potion of might for 56 gold pieces
 28606 | Orc:1    | Bought a potion of haste for 140 gold pieces
 28606 | Orc:1    | Bought a potion of might for 56 gold pieces
 28810 | Orc:2    | Killed Saint Roka
 28983 | Orc:2    | Reached skill level 5 in Dodging
 28989 | Orc:2    | Found Vedutasm's Antique Armour Boutique.
 28990 | Orc:2    | Found a roughly hewn altar of Beogh.
 28992 | Orc:2    | Found Zuenub's Antique Weapon Shop.
 29000 | Orc:2    | Bought a pair of glowing gloves for 232 gold pieces
 29025 | Orc:2    | Bought a glowing scarf for 248 gold pieces
 29515 | D:13     | You fall into a shaft and drop 2 floors!
 29515 | D:15     | Entered Level 15 of the Dungeon
 29823 | D:13     | Found a transporter.
 29987 | D:13     | Found a transporter.
 30080 | D:13     | Received a gift from Trog
 31196 | D:14     | Found a gate to the Vaults.
 31210 | D:14     | Reached XP level 16. HP: 104/133 MP: 16/16
 32065 | D:15     | Reached ****** piety under Trog
 32116 | D:15     | Found a shadowy altar of Dithmenos.
 32148 | D:15     | Found a staircase to the Depths.
 32788 | Snake:1  | Entered Level 1 of the Snake Pit
 32793 | Snake:1  | Received a gift from Trog
 32801 | Snake:1  | Reached skill level 15 in Armour
 32806 | Snake:1  | Reached skill level 10 in Dodging
 33184 | Snake:1  | Noticed Asterion
 33185 | Snake:1  | Noticed an Executioner
 33191 | Snake:1  | Killed Asterion
 33752 | Orc:2    | Bought a runed plate armour for 858 gold pieces
 33785 | Orc:2    | Bought a potion of heal wounds for 165 gold pieces
 34279 | Snake:1  | Found Nynemmog's Magic Scroll Shoppe.
 34287 | Snake:1  | Noticed Aizul
 34305 | Snake:1  | Killed Aizul
 34397 | Snake:1  | Found Eniss's Book Emporium.
 34455 | Snake:1  | Found a stormy altar of Qazlal.
 34608 | Snake:2  | Found Heroihuo's Jewellery Boutique.
 34608 | Snake:2  | Found Eboon's Gadget Shoppe.
 34615 | Snake:2  | Found Umaelyn's Gadget Shoppe.
 34901 | Snake:2  | Found a frozen archway.
 34912 | Snake:2  | Received a gift from Trog
 34925 | IceCv    | Entered an ice cave
 35319 | IceCv    | Reached skill level 15 in Fighting
 35793 | IceCv    | Noticed an Ice Fiend
 35801 | IceCv    | Killed an Ice Fiend
 35802 | IceCv    | Reached XP level 17. HP: 135/142 MP: 17/17
 35819 | IceCv    | Found the +2 hood of the Assassin {Detection Stab+ Stlth++}
 35897 | IceCv    | Identified a +0 pair of boots of running (You found it in
                  | an ice cave)
 35910 | IceCv    | Identified a +2 pair of boots of running (You found it in
                  | an ice cave)
 36204 | Snake:2  | Received a gift from Trog
 36328 | Snake:2  | Noticed Donald
 36336 | Snake:2  | Killed Donald
 37967 | Snake:3  | Found Kicalum's Weapon Emporium.
 38310 | Snake:3  | Found Ryinon's Armour Emporium.
 39047 | Snake:4  | Entered Level 4 of the Snake Pit
 39537 | Snake:4  | Identified the +2 pair of gloves "Erama" {rElec MP+9
                  | Slay+2}
 39537 | Snake:4  | Noticed Nikola
 39667 | Snake:4  | Killed Nikola
 39973 | Snake:4  | Received a gift from Trog
 40650 | Snake:4  | Reached XP level 18. HP: 153/153 MP: 18/18
 41896 | Snake:4  | Got a serpentine rune of Zot
 41907 | Snake:4  | Upgraded the game from 0.26-a0-844-g3dd439832f to
                  | 0.26-a0-846-gcc8f1ee719
 42206 | Vaults:1 | Entered Level 1 of the Vaults
 42366 | Vaults:1 | Received a gift from Trog
 42790 | Vaults:1 | Found a portal to a secret trove of treasure.
 42922 | Vaults:1 | You paid a toll of 4 scrolls of blinking to enter a
                  | treasure trove
 42923 | Trove    | Entered a treasure trove
 43952 | Vaults:1 | Received a gift from Trog
 43976 | Vaults:1 | Reached XP level 19. HP: 151/163 MP: 19/19
 44030 | Vaults:1 | Found Xecyol's Assorted Antiques.
 44740 | Snake:1  | Bought a scroll of acquirement for 832 gold pieces
 44740 | Snake:1  | Acquired the +2 pair of boots "Atey" {rN++ Regen+ Str-5
                  | Slay+2}
 44747 | Snake:1  | Bought a scroll of blinking for 120 gold pieces
 44805 | Shoals:1 | Entered Level 1 of the Shoals
 45219 | Shoals:1 | Got a pair of shimmering boots
 45231 | Shoals:1 | Identified the cursed +0 pair of boots of Resonant
                  | Salvation {*Drain rC- Str+3 Int+6} (You found it on level 1
                  | of the Shoals)
 45818 | Shoals:2 | Reached skill level 15 in Dodging
 46527 | Shoals:3 | Received a gift from Trog
 47361 | Shoals:4 | Entered Level 4 of the Shoals
 48467 | Shoals:4 | Got a barnacled rune of Zot
 48624 | Shoals:4 | Received a gift from Trog
 48713 | Shoals:4 | Noticed Polyphemus
 48874 | Shoals:3 | Reached XP level 20. HP: 176/176 MP: 20/20
 48901 | Shoals:4 | Killed Polyphemus
 48925 | Shoals:4 | Got a wavering tin ring
 48927 | Shoals:4 | Identified the ring of Utez {*Tele MR++} (You found it on
                  | level 4 of the Shoals)
 49569 | Shoals:3 | Upgraded the game from 0.26-a0-846-gcc8f1ee719 to
                  | 0.26-a0-850-g97a50ab700
 50127 | Vaults:2 | Found Ippea's Magic Scroll Shoppe.
 50134 | Vaults:2 | Bought a scroll of blinking for 142 gold pieces
 50922 | Vaults:2 | Noticed Margery
 50972 | Vaults:2 | Killed Margery
 51233 | Vaults:2 | Found Venemog's Gadget Emporium.
 51701 | Vaults:3 | Received a gift from Trog
 51867 | Vaults:3 | Noticed Bai Suzhen
 51885 | Vaults:3 | Killed Bai Suzhen
 51886 | Vaults:3 | Reached skill level 15 in Evocations
 52035 | Vaults:3 | Found a staircase to the Crypt.
 52683 | Vaults:3 | Received a gift from Trog
 52697 | Vaults:3 | Reached XP level 21. HP: 165/187 MP: 21/21
 53018 | Vaults:3 | Found Gozag's Assorted Antiques.
 53056 | Vaults:3 | Found an opulent altar of Gozag.
 53140 | Vaults:3 | Found Gozag's Assorted Antiques.
 53141 | Vaults:3 | Found Gozag's Antique Weapon Emporium.
 53360 | Vaults:3 | Received a gift from Trog
 54616 | Vaults:4 | Found Diemm's Armour Shoppe.
 54694 | Vaults:4 | Received a gift from Trog
 54851 | Vaults:4 | Found Uguuxuf's Magic Scroll Boutique.
 54863 | Vaults:4 | Bought a scroll of acquirement for 676 gold pieces
 54864 | Vaults:4 | Acquired the +0 pair of fencer's gloves {Riposte Dex+3}
 54865 | Vaults:4 | Found the +0 pair of fencer's gloves {Riposte Dex+3}
 55818 | Vaults:5 | Entered Level 5 of the Vaults
 55824 | Vaults:5 | Received a gift from Trog
 55826 | Vaults:5 | Reached XP level 22. HP: 118/198 MP: 22/22
 56861 | Vaults:5 | Received a gift from Trog
 57208 | Vaults:5 | Got a silver rune of Zot
 57378 | Vaults:5 | Noticed a golden dragon
 57387 | Vaults:5 | Killed a golden dragon
 57858 | Vaults:5 | Found the -2 hat of the Alchemist {rElec rPois rF+ rC+ rN+
                  | MR+ rMut rCorr}
 58171 | Vaults:5 | Reached XP level 23. HP: 196/209 MP: 23/23
 58304 | Vaults:5 | Identified Oticseisk's Handbook of Conjuration and the
                  | Escort
 58380 | Vaults:5 | Received a gift from Trog
 58391 | Vaults:5 | Got a transparent scimitar {god gift}
 58393 | Vaults:5 | Identified the +5 scimitar "Doirinn" {vorpal, MR++} (Trog
                  | gifted it to you on level 5 of the Vaults)
 58412 | Vaults:5 | Identified the +8 mace of Imminent Death {vorpal, Int+2
                  | Dex+6}
 59277 | Vaults:5 | Identified the +6 battleaxe "Transmigrator" {vorpal, rN+
                  | SInv}
 59930 | Depths:1 | Entered Level 1 of the Depths
 60186 | Depths:1 | Found a gateway to Hell.
 60236 | Depths:1 | Found a gateway to a ziggurat.
 60839 | Depths:1 | Found a runed translucent door.
 60944 | Depths:2 | Found a magical portal.
 60949 | Depths:2 | Found a one-way gate to the infinite horrors of the Abyss.
 60960 | WizLab   | Entered Cigotuvi's Fleshworks
 60996 | WizLab   | Received a gift from Trog
 61119 | WizLab   | Paralysed by a floating eye for 3 turns
 61127 | WizLab   | Paralysed by a floating eye for 4 turns
 61148 | WizLab   | Paralysed by a floating eye for 2 turns
 61182 | WizLab   | Got a wavering granite ring
 61206 | WizLab   | Identified the ring "Rotzanee" {+Inv rElec rCorr Str+2
                  | SInv} (You found it in a wizard's laboratory)
 61602 | WizLab   | Identified Cigotuvi's Papyrus of Evil Transformation
 61610 | WizLab   | Identified Kutudgh's Catalogue of Transmutation
 61612 | WizLab   | Identified the Almanac of Transmutation
 61801 | WizLab   | Got a slimy falchion {god gift}
 61807 | Depths:2 | Identified the +4 falchion of Wunet {antimagic, MR++} (Trog
                  | gifted it to you in a wizard's laboratory)
 63170 | Depths:2 | Reached XP level 24. HP: 219/219 MP: 23/23
 63350 | Depths:2 | Found a runed translucent gate.
 63350 | Depths:2 | Found a runed translucent gate.
 63350 | Depths:2 | Found a runed translucent gate.
 63477 | Depths:2 | Found a runed translucent gate.
 63477 | Depths:2 | Found a runed translucent gate.
 63477 | Depths:2 | Found a runed translucent gate.
 63629 | Depths:2 | Received a gift from Trog
 63761 | Depths:2 | Identified the Reference Book on Moulding
 64211 | Depths:3 | Found a flickering gateway to a bazaar.
 64235 | Bazaar   | Entered a bazaar
 64237 | Bazaar   | Found Ethon's Antique Armour Boutique.
 64240 | Bazaar   | Found Zeutz's Book Boutique.
 64241 | Bazaar   | Bought a transparent kite shield for 247 gold pieces
 64251 | Bazaar   | Identified the cursed -4 kite shield of Least Resistance
                  | {*Contam rCorr Int+4} (You bought it in a shop in a bazaar)
 64262 | Bazaar   | Found Zuxixt's Weapon Boutique.
 64262 | Bazaar   | Found Siukk's Jewellery Boutique.
 64381 | Bazaar   | Bought a runed scarf for 208 gold pieces
 64401 | Bazaar   | Bought a glowing plate armour for 676 gold pieces
 64774 | Depths:3 | Found a one-way gate leading to the halls of Pandemonium.
 65198 | Depths:3 | Paralysed by a floating eye for 2 turns
 65844 | Depths:4 | Received a gift from Trog
 67053 | Vaults:1 | Bought a scroll of enchant armour for 210 gold pieces
 67207 | Vaults:4 | Bought a scroll of enchant armour for 97 gold pieces
 68060 | Depths:4 | Found Efex's Weapon Emporium.
 68487 | Depths:4 | Noticed Louise
 68504 | Depths:4 | Killed Louise
 68572 | Depths:4 | Reached XP level 25. HP: 203/229 MP: 23/23
 68936 | Depths:5 | Entered Level 5 of the Depths
 69131 | Depths:5 | Reached skill level 17 in Shields
 69164 | Depths:5 | Found a gate to the Realm of Zot.
 69462 | Depths:5 | Received a gift from Trog
 69512 | Depths:5 | Reached skill level 18 in Shields
 69795 | Depths:5 | Found Tulouna's Weapon Emporium.
 70278 | Zot:1    | Entered Level 1 of the Realm of Zot
 70634 | Zot:1    | Reached skill level 19 in Shields
 70744 | Zot:1    | Gained mutation: Your body sometimes deteriorates upon
                  | taking damage. [mutagenic glow]
 70751 | Zot:1    | Gained mutation: You are frail. (-10% HP) [mutagenic glow]
 71084 | Zot:2    | Received a gift from Trog
 71468 | Zot:2    | Reached skill level 20 in Shields
 71818 | Zot:2    | Reached XP level 26. HP: 207/213 MP: 23/23
 71898 | Zot:2    | Noticed a Killer Klown
 71920 | Zot:2    | Killed a Killer Klown
 72026 | Zot:2    | Reached skill level 21 in Shields
 72850 | Zot:4    | Reached skill level 22 in Shields
 73184 | Zot:4    | Received a gift from Trog
 74760 | Zot:5    | Entered Level 5 of the Realm of Zot
 74792 | Zot:5    | Reached skill level 23 in Shields
 75312 | Zot:5    | Noticed an orb of fire
 75998 | Zot:5    | Noticed an orb of fire
 76020 | Zot:5    | Killed an orb of fire
 76360 | Zot:5    | Reached XP level 27. HP: 173/219 MP: 23/23
 76392 | Zot:5    | Reached skill level 24 in Shields
 76643 | Zot:5    | Noticed an ancient lich
 76657 | Zot:5    | Noticed an ancient lich
 76661 | Zot:5    | Killed an ancient lich
 76679 | Zot:5    | Killed an ancient lich
 76803 | Zot:5    | Noticed an orb of fire
 76805 | Zot:5    | Noticed an orb of fire
 76810 | Zot:5    | Noticed an orb of fire
 76811 | Zot:5    | Noticed an orb of fire
 76813 | Zot:5    | Gained mutation: You are dopey. (Int -2) [an orb of fire]
 76816 | Zot:5    | Noticed an orb of fire
 77103 | Zot:5    | Lost mutation: You are frail. (-10% HP) [potion of
                  | mutation]
 77103 | Zot:5    | Lost mutation: You are dopey. (Int -2) [potion of mutation]
 77103 | Zot:5    | Lost mutation: Your body sometimes deteriorates upon taking
                  | damage. [potion of mutation]
 77103 | Zot:5    | Gained mutation: You are dopey. (Int -2) [potion of
                  | mutation]
 77103 | Zot:5    | Gained mutation: You expend magic power (3 MP) to
                  | strengthen your wands. [potion of mutation]
 77103 | Zot:5    | Gained mutation: You passively map a small area around you.
                  | [potion of mutation]
 77134 | Zot:5    | Gained mutation: You are frail. (-10% HP) [an orb of fire]
 77148 | Zot:5    | Killed an orb of fire
 77247 | Zot:5    | Killed an orb of fire
 77247 | Zot:5    | Noticed an ancient lich
 77248 | Zot:5    | Reached skill level 25 in Shields
 77298 | Zot:5    | Noticed an ancient lich
 77492 | Zot:4    | Killed an ancient lich
 77616 | Zot:5    | Killed an ancient lich
 77627 | Zot:5    | Noticed an ancient lich
 77643 | Zot:5    | Killed an ancient lich
 77776 | Zot:5    | Noticed a juggernaut
 77776 | Zot:5    | a Killer Klown changed into a juggernaut
 77803 | Zot:5    | Killed an orb of fire
 77812 | Zot:5    | Killed a juggernaut
 77828 | Zot:5    | Gained mutation: You are clumsy. (Dex -2) [an orb of fire]
 77831 | Zot:5    | Killed an orb of fire
 78046 | Zot:5    | Gained mutation: Your magical capacity is low. (-10% MP)
                  | [an orb of fire]
 78057 | Zot:5    | Killed an orb of fire
 78058 | Zot:5    | Reached skill level 26 in Shields
 78691 | Zot:5    | Lost mutation: You are clumsy. (Dex -2) [potion of
                  | mutation]
 78691 | Zot:5    | Lost mutation: You are frail. (-10% HP) [potion of
                  | mutation]
 78691 | Zot:5    | Lost mutation: You are dopey. (Int -2) [potion of mutation]
 78691 | Zot:5    | Lost mutation: Your magical capacity is low. (-10% MP)
                  | [potion of mutation]
 78691 | Zot:5    | Gained mutation: You are dopey. (Int -2) [potion of
                  | mutation]
 78691 | Zot:5    | Gained mutation: You are agile. (Dex +2) [potion of
                  | mutation]
 78691 | Zot:5    | Gained mutation: Your system is resistant to poisons.
                  | (rPois) [potion of mutation]
 78692 | Zot:5    | Lost mutation: You are agile. (Dex +2) [potion of mutation]
 78692 | Zot:5    | Lost mutation: Your system is resistant to poisons. (rPois)
                  | [potion of mutation]
 78692 | Zot:5    | Lost mutation: You are dopey. (Int -2) [potion of mutation]
 78692 | Zot:5    | Lost mutation: You passively map a small area around you.
                  | [potion of mutation]
 78692 | Zot:5    | Gained mutation: You evolve. [potion of mutation]
 78692 | Zot:5    | Gained mutation: You possess an exceptional clarity of
                  | mind. [potion of mutation]
 78692 | Zot:5    | Gained mutation: You are resistant to hostile enchantments.
                  | (MR+) [potion of mutation]
 78950 | Zot:5    | Reached skill level 27 in Shields
 79339 | Zot:5    | Got the Orb of Zot
 79354 | Zot:5    | Gained mutation: You have a pair of small horns on your
                  | head. [evolution]
 79387 | Zot:4    | Noticed Bofrar the pandemonium lord
 79455 | Zot:2    | Noticed a seraph
 79466 | Zot:2    | Noticed Jenlur the pandemonium lord
 79478 | Zot:2    | Killed Jenlur the pandemonium lord
 79478 | Zot:2    | Received a gift from Trog
 79551 | Depths:5 | Acquired 1149 gold pieces
 79557 | Depths:5 | Noticed Ajufoum the pandemonium lord
 79999 | D:$      | Escaped with the Orb!

Illustrated notes

Levels and vault maps discovered:
D:1:      lemuel_arrival_room, layout_loops_cross, minmay_misc_feat_roman
D:2:      layout_rooms
D:3:      layout_rooms, corexii_hall_statues_x, minmay_statues_item,
          uniq_natasha
D:4:      layout_loops_ring, kennysheep_dice
D:5:      layout_basic
D:6:      layout_loops_ring, ebering_ghost_sewer_d, fedhas_altar_3,
          uniq_prince_ribbit1, uniq_duvessa
D:7:      layout_loops_ring, lemuel_round_altar, minmay_temple_entry_junction,
          basic_altar, serial_shops, kennysheep_little_box, dk_noncrumbling_3
D:8:      layout_basic, uniq_joseph
D:9:      layout_roguey, minitemple, serial_shops, nicolae_shop_trees
D:10:     layout_roguey, david_lair_generic, chequers_guarded_unrand_ignorance
D:11:     layout_basic, enter_bailey_3
D:12:     layout_roguey, david_orc_1_choice
D:13:     gammafunk_wand_slinger, layout_layer_cave
D:14:     layout_long_grid, grunt_vaults_entry_tiered
D:15:     hangedman_depths_entry_civil_slaughter, layout_irregular_city,
          grunt_dithmenos_shadows, nrook_loot_triangle
Lair:1:   layout_loops_ring, serial_bayou_shore_b, uniq_erica
Lair:2:   layout_gridlike, minmay_holes
Lair:3:   layout_regular_city, shoals_dummy_entry, guppyfry_snake_entry_garden,
          serial_bayou_lagoon_b, serial_bayou_shore_a
Lair:4:   layout_regular_city, gauntlet_entry_generic,
          infiniplex_staircase_pool, uniq_snorg
Lair:5:   layout_gridlike, grunt_megastairs_4
Lair:6:   gammafunk_lair_ancient_temple, layout_hall_layers, slime_altar_1,
          ebering_ghost_rock_garden, minmay_lair_oklob_items
Shoals:1: layout_shoals
Shoals:2: layout_shoals
Shoals:3: layout_shoals
Shoals:4: shoals_end_hangedman, layout_shoals, uniq_polyphemus
Snake:1:  layout_onion_interference, basic_altar, minmay_shoptagon, uniq_aizul,
          uniq_asterion
Snake:2:  layout_chambers, portal_ice_cave_entry_ugly_swarm, special_room,
          minmay_shop_grove, uniq_donald
Snake:3:  layout_grid_shapes, serial_shops, shop_statue, nicolae_snake_shapes,
          minmay_shop_star
Snake:4:  grunt_snake_rune_serpentine_throne, layout_layer_cave, uniq_nikola
Orc:1:    layout_caves, serial_shops, shop, uniq_nergalle
Orc:2:    grunt_orc_community_town_hall, layout_caves,
          grunt_orc_community_big_house_2, grunt_orc_community_big_house_1,
          grunt_orc_community_house_3, grunt_orc_community_house_3,
          grunt_orc_community_house_2, grunt_orc_community_house_3,
          enter_volcano_4, serial_shops, shop
Vaults:1: hangedman_vaults_locks, v_rooms_5, nicolae_vaults_big_angled_halls,
          v_misc_8, v_misc_22, grunt_vaults_hallway_short,
          vaults_room_semicircle, v_pattern_4, v_rooms_1,
          vaults_standard_mumra_enter_the_diamond, v_misc_22,
          nicolae_vaults_network_s, vaults_room_stairs_pillars, v_misc_13,
          layout_vaults_ring, nicolae_trove_entry_columns, serial_shops,
          shop_fountains
Vaults:2: nicolae_vaults_network_barrier, ontoclasm_vaults_shuriken,
          grunt_vaults_bifocal, hangedman_vaults_corner, v_misc_13, v_misc_13,
          v_misc_14, nicolae_vaults_hallways_thing, vaults_room_fancy_cross,
          nicolae_vaults_little_squares_4, layout_vaults_omnigrid, serial_shops,
          shop, shop, uniq_margery
Vaults:3: hangedman_vaults_slice, v_misc_27, ontoclasm_vaults_fault,
          nicolae_vaults_angled_halls, minmay_crypt_entry_simple_corners,
          v_misc_23, v_pattern_1, kennysheep_vaults_gozag_temple, v_rooms_3,
          v_misc_4, nicolae_vaults_twisting_passages,
          nicolae_vaults_ring_of_whatevers, ontoclasm_vaults_ring_square,
          hangedman_vaults_stretched_pinwheel, ontoclasm_vaults_gateway,
          layout_vaults_omnibox, uniq_bai_suzhen
Vaults:4: vaults_standard_mumra_lines, grunt_vaults_hallway_long,
          nicolae_vaults_network_periphery,
          nicolae_vaults_windows_and_doors_thing, v_rooms_2,
          hangedman_vaults_stream, vaults_room_corners, vaults_room_grid,
          v_misc_16, nicolae_vaults_little_squares_1,
          nicolae_vaults_branching_niches, layout_vaults_maze, serial_shops,
          nicolae_shop_waterfront, shop
Vaults:5: serial_shops
Depths:1: layout_cave_pools, enter_ziggurat_d, glass_columns_c,
          lightli_too_deep, serial_glass, glass_columns_a, glass_columns_a,
          glass_columns_b, glass_columns_a, glass_columns_c, glass_columns_a,
          glass_columns_b, glass_columns_a, item_on_display_a,
          due_unseen_surprise, serial_bayou_pond_a, kennysheep_small_spiral,
          kennysheep_treasure_room
Depths:2: kennysheep_treasure_stockpile, layout_honeycomb,
          infiniplex_enter_wizlab_glasses, hell_entry, abyss_entry,
          infiniplex_staircase_zigzag_1
Depths:3: minmay_sliced_demisemicircle, layout_cross, serial_shops,
          bzr_firewalk, hell_entry, ebering_dispersal_statue_hall,
          rand_demon_pan_entry_4, nicolae_water_bricks, st_stairs_4,
          kennysheep_island_fort
Depths:4: grunt_house_of_mirrors, layout_cave_pools, pan_entry,
          columned_hall_lemuel, hell_entry, serial_shops, shop,
          nicolae_abyss_entry_one_way_or_another, st_stairs_11,
          minmay_staircase_statues
Depths:5: evilmike_zot_entry_diamond, layout_honeycomb, grunt_decor_cap,
          serial_shops, nicolae_shop_trees, abyss_entry, hell_entry, drop_trap
Zot:1:    cheibrodos_zot_enchanting_chambers, layout_cathedral_of_symmetry,
          hangedman_xom_zot_hilarity
Zot:2:    lemuel_halls_of_wrath, layout_gridlike
Zot:3:    layout_misc_corridors
Zot:4:    layout_cellular_growth
Zot:5:    layout_gridlike, st_stairs_5, nrook_zot_tub

Skill      XL: |  1  2  3  4  5  6  7  8  9 10 11 12 13 14 15 16 17 18 19 20 21 22 23 24 25 26 27 |
---------------+----------------------------------------------------------------------------------+-----
Stealth        | 1 2 3 4 |  4.0
Fighting       | 4 6 7 9 12 14 15 16 18 20 21 22 23 24 25 | 25.9
Long Blades    | 6 12 13 | 13.9
Shields        | 8 11 13 15 16 20 23 27 | 27.0
Evocations     | 6 10 13 15 16 | 16.5
Armour         | 5 10 13 15 17 18 20 21 22 23 24 25 | 25.8
Dodging        | 8 11 13 14 15 16 17 19 20 21 | 21.5
Short Blades   | |  0.2

Action                   |  1- 3 |  4- 6 |  7- 9 | 10-12 | 13-15 | 16-18 | 19-21 | 22-24 | 25-27 || total
-------------------------+-------+-------+-------+-------+-------+-------+-------+-------+-------++-------
Melee: Falchion          |    88 |   169 |   319 |    35 |   106 |     7 |       |       |       ||   724
       Great sword       |       |       |    41 |       |       |       |       |       |       ||    41
       Long sword        |       |       |    19 |   535 |  1096 |   205 |       |       |       ||  1855
       Scimitar          |       |       |       |     4 |    34 |       |       |       |       ||    38
       Demon blade       |       |       |       |       |       |  1113 |  1594 |  1568 |  1744 ||  6019
       Rapier            |       |       |       |       |       |       |       |     2 |       ||     2
       Headbutt          |       |       |       |       |       |       |       |       |    18 ||    18
Throw: Dart              |       |       |     3 |       |       |       |       |       |       ||     3
Invok: Berserk           |     7 |    11 |    16 |    15 |    27 |    10 |     4 |     1 |    10 ||   101
       Trog's Hand       |       |     3 |     3 |     3 |     1 |     1 |     4 |    13 |     6 ||    34
       Brothers in Arms  |       |       |       |     1 |     5 |     5 |     2 |     4 |     1 ||    18
 Abil: Hop               |       |       |     5 |     5 |     6 |    12 |     1 |     3 |     7 ||    39
       Evoke Invisibilit |       |       |       |       |       |       |       |       |     7 ||     7
Evoke: Wand              |       |       |       |       |     5 |    21 |       |       |     5 ||    31
       Lightning rod     |       |       |       |       |       |       |     4 |       |       ||     4
       Condenser vane    |       |       |       |       |       |       |       |     1 |       ||     1
  Use: Scroll            |       |     7 |     9 |    12 |     5 |    13 |     7 |    19 |    11 ||    83
       Potion            |       |     3 |     8 |       |     1 |     4 |     2 |    12 |    13 ||    43
 Stab: Sleeping          |     1 |     8 |     9 |    12 |     1 |       |     1 |     4 |       ||    36
       Distracted        |       |     1 |       |     1 |     1 |     1 |     1 |     1 |       ||     6
       Invisible         |       |       |     7 |       |     3 |       |       |       |    30 ||    40
       Paralysed         |       |       |       |       |       |     3 |       |       |       ||     3
       Confused          |       |       |       |       |       |       |       |       |     1 ||     1
Armor: Animal skin       |    14 |    39 |   119 |    14 |       |       |       |       |       ||   186
       Skin              |       |       |    25 |       |       |       |       |       |       ||    25
       Leather armour    |       |       |       |   105 |    13 |       |       |       |       ||   118
       Chain mail        |       |       |       |       |   290 |    46 |       |       |       ||   336
       Plate armour      |       |       |       |       |       |   186 |   241 |       |       ||   427
       Storm dragon scal |       |       |       |       |       |       |   125 |   262 |       ||   387
       Gold dragon scale |       |       |       |       |       |       |       |    28 |   336 ||   364
Dodge: Dodged            |    62 |    79 |   247 |   221 |   265 |   253 |   540 |   471 |   537 ||  2675
Block: Kite shield       |       |       |       |   161 |   698 |   907 |  1282 |   984 |   892 ||  4924
       Reflection        |       |       |       |    35 |    46 |    80 |   101 |    79 |    32 ||   373
       Tower shield      |       |       |       |       |       |       |       |       |   575 ||   575
       Rpst.: Falchion   |    17 |    30 |    56 |     2 |     9 |       |       |       |       ||   114
       Great sword       |       |       |     5 |       |       |       |       |       |       ||     5
       Long sword        |       |       |       |    49 |    63 |    10 |       |       |       ||   122
       Scimitar          |       |       |       |       |     1 |       |       |       |       ||     1
       Demon blade       |       |       |       |       |       |    34 |    94 |   143 |   128 ||   399

Table legend: (Time is in decaauts)
 A = Elapsed time spent in this place.
 B = Non-inter-level travel time spent in this place.
 C = Inter-level travel time spent in this place.
 D = Time resting spent in this place.
 E = Time spent auto-exploring this place.
 F = Levels seen in this place.
 G = Mean time per level.
                   A        B        C        D        E       F      G
               +--------+--------+--------+--------+--------+-----+--------+
         Total |  81820 |  74996 |   6824 |  25097 |  24191 |  53 | 1543.8 |
       Dungeon |  25232 |  22139 |   3093 |   7036 |   8624 |  15 | 1682.1 |
          Lair |   9376 |   8375 |   1001 |   2226 |   3947 |   6 | 1562.7 |
        Shoals |   4884 |   4329 |    555 |   1108 |   1614 |   4 | 1221.0 |
     Snake Pit |   7084 |   6812 |    272 |   3005 |   1579 |   4 | 1771.0 |
  Orcish Mines |   3867 |   3531 |    336 |   1470 |    796 |   2 | 1933.5 |
        Vaults |  11110 |  10383 |    727 |   2685 |   3617 |   5 | 2222.0 |
        Depths |   8214 |   7792 |    422 |   3166 |   2206 |   5 | 1642.8 |
           Zot |   8086 |   7672 |    414 |   3298 |   1465 |   5 | 1617.2 |
        Bazaar |    199 |    199 |      0 |     78 |      0 |   1 |  199.0 |
         Trove |     99 |     99 |      0 |      0 |      0 |   1 |   99.0 |
        Bailey |    597 |    597 |      0 |     61 |    177 |   1 |  597.0 |
      Ice Cave |   1089 |   1089 |      0 |    425 |     60 |   1 | 1089.0 |
       Volcano |    371 |    371 |      0 |     76 |      0 |   1 |  371.0 |
        Wizlab |    771 |    771 |      0 |    119 |     85 |   1 |  771.0 |
      Gauntlet |    833 |    833 |      0 |    340 |     20 |   1 |  833.0 |
               +--------+--------+--------+--------+--------+-----+--------+

Top non-repeatable levels by time:
Vaults:5: 3461 daAuts
   Zot:5: 3373 daAuts
   Orc:2: 3171 daAuts
 Snake:4: 2563 daAuts
  Lair:6: 2484 daAuts
     D:7: 2395 daAuts
   Zot:4: 2352 daAuts
     D:5: 2327 daAuts
     D:6: 2225 daAuts
Depths:2: 2204 daAuts
    D:14: 2140 daAuts
Depths:4: 2068 daAuts
Vaults:4: 2006 daAuts
Vaults:3: 2003 daAuts
 Snake:3: 2000 daAuts
